 Dungeon Crawl Stone Soup version 0.19.5 (webtiles) character file.

951 Azzok the Fighter (level 7, 0/74 HPs)
             Began as a Minotaur Fighter on July 18, 2017.
             Was an Initiate of Okawaru.
             Succumbed to a water moccasin's poison
             ... on level 5 of the Dungeon on July 20, 2017.
             The game lasted 00:07:28 (3749 turns).

Azzok the Fighter (Minotaur Fighter)                Turns: 3749, Time: 00:07:29

Health: 0/74       AC:  9    Str: 20    XL:     7   Next: 90%
Magic:  6/6        EV: 10    Int:  5    God:    Okawaru [......]
Gold:   293        SH: 10    Dex: 17    Spells: 0 memorised, 6 levels left

rFire  + . .     SeeInvis .     a - +0 long sword
rCold  . . .     Gourm    .     j - +0 chain mail
rNeg   . . .     Faith    .     c - +0 shield
rPois  .         Spirit   .     (helmet restricted)
rElec  .         Reflect  .     (no cloak)
rCorr  .         Harm     .     (no gloves)
MR     .....                    (no boots)
Stlth  ..........               (no amulet)
                                n - ring of protection from cold
                                g - ring of fire

@: agile, lethally poisoned (0 -> -6), exhausted, flying, very slightly
contaminated, hasted and slowed
A: retaliatory headbutt, horns 2
a: Renounce Religion


You were on level 5 of the Dungeon.
You worshipped Okawaru.
Okawaru was noncommittal.
You were hungry.

You visited 1 branch of the dungeon, and saw 5 of its levels.

You collected 293 gold pieces.

Inventory:

Hand Weapons
 a - a +0 long sword (weapon)
Missiles
 l - 73 arrows
Armour
 c - a +0 shield (worn)
 j - a +0 chain mail (worn)
Jewellery
 g - a ring of fire (left hand)
 n - a ring of protection from cold (right hand)
 A - an uncursed amulet of magic regeneration {unknown}
Wands
 m - a wand of teleportation (3/9)
Scrolls
 b - a scroll of random uselessness {unknown}
 e - 7 scrolls of identify {unknown}
 h - a scroll of recharging {unknown}
 k - 2 scrolls of enchant weapon {unknown}
 p - 3 scrolls of remove curse {unknown}
 t - a scroll of amnesia {unknown}
 u - a scroll of fear {unknown}
 v - a scroll of noise {unknown}
 w - a scroll of immolation {unknown}
 y - a scroll of teleportation {unknown}
 B - a scroll of blinking {unknown}
Potions
 d - 2 potions of might
 i - a potion of berserk rage
 o - 2 potions of flight
 q - 2 potions of agility
Books
 x - a book of Misfortune

   Spells                             Type                      Level
   a - Confusing Touch                Hexes                        1
   b - Confuse                        Hexes                        3
   c - Gell's Gravitas                Hexes/Translocation          3
   d - Petrify                        Transmutation/Earth          4
   e - Metabolic Englaciation         Hexes/Ice                    5
   f - Yara's Violent Unravelling     Hexes/Transmutation          5
Comestibles
 f - 4 bread rations {@e1}
 s - 4 meat rations {@e2}
 z - a royal jelly


   Skills:
 * Level 11.2 Fighting
 - Level 2.4 Long Blades
 - Level 3.6 Armour
 - Level 3.6 Shields


You had 6 spell levels left.
You didn't know any spells.

Dungeon Overview and Level Annotations

Branches:
Dungeon (5/15)             Temple (0/1) D:5

Altars:
Gozag
Okawaru
Qazlal
Ru
Trog

Shops:
D:4 (


Innate Abilities, Weirdness & Mutations

You reflexively headbutt those who attack you in melee.
You have a pair of horns on your head.


Message History

You are exhausted.
You feel yourself slow down.
* * * LOW HITPOINT WARNING * * *
You feel sick.
You now have 5/74 hp.
It was a potion of haste.
You feel yourself speed up.
* * * LOW HITPOINT WARNING * * *
You feel sick.
You are very lightly contaminated with residual magic.
You take 2 damage, and have 3/74 hp.
* * * LOW HITPOINT WARNING * * *
You feel sick.
Found a scroll labeled OKIAMI MEIF.
You take 1 damage, and have 2/74 hp.
* * * LOW HITPOINT WARNING * * *
You feel sick.
You take 1 damage, and have 1/74 hp.
* * * LOW HITPOINT WARNING * * *
You feel sick.
You are feeling hungry.
You die...

▒▒▒▒▒▒ ▒·?··▒ ▒·▒▒·▒
▒▒▒▒▒▒▒·▒▒·▒▒▒▒▒▒▒▒▒
▒··@·········†······
▒·▒▒▒▒▒·▒▒··▒▒▒▒▒▒▒▒
▒ ▒·▒▒···▒ ▒·▒·····▒
▒······▒▒ ▒·▒
▒▒▒▒▒·▒▒ ▒·▒ ▒·▒ ▒··
▒·▒ ▒·▒ ▒·▒ ▒·▒
▒▒╬▒▒▒·▒


There were no monsters in sight!

Vanquished Creatures
  A two-headed ogre (D:4)
  A water moccasin (D:5)
  The ghost of Azzok the Skirmisher, an amateur MiFi (D:3)
  2 ogres (D:5)
  2 hounds (D:4)
  A centaur skeleton (D:5)
  A bullfrog skeleton (D:3)
  Natasha (thrice) (D:3)
  A worker ant (D:4)
  7 adders
  2 shadow imps (D:5)
  2 oozes (D:2)
  A worm (D:2)
  2 dart slugs
  3 leopard geckos
  6 orcs
  2 ball pythons
  5 giant cockroaches
  6 hobgoblins
  12 jackals
  4 kobolds
  5 quokkas
  3 bats
  6 frilled lizards
  6 goblins
  A leopard gecko skeleton (D:4)
  5 rats
91 creatures vanquished.

Notes
Turn   | Place    | Note
-------+----------+-------------------------------------------
     0 | D:1      | Azzok the Minotaur Fighter began the quest for the Orb.
     0 | D:1      | Reached XP level 1. HP: 19/19 MP: 0/0
    89 | D:1      | Reached skill level 4 in Fighting
   319 | D:1      | Reached XP level 2. HP: 28/28 MP: 1/1
   943 | D:2      | Found a faded altar of an unknown god.
   975 | D:2      | Reached skill level 5 in Fighting
   975 | D:2      | Reached XP level 3. HP: 14/36 MP: 2/2
  1185 | D:2      | Found a sacrificial altar of Ru.
  1360 | D:2      | Reached XP level 4. HP: 37/44 MP: 3/3
  1416 | D:2      | Found a bloodstained altar of Trog.
  1468 | D:2      | Reached skill level 6 in Fighting
  1697 | D:3      | Noticed Natasha
  1739 | D:3      | Killed Natasha
  1845 | D:3      | Noticed Natasha
  1850 | D:3      | Killed Natasha
  1850 | D:3      | Reached skill level 7 in Fighting
  1850 | D:3      | Reached XP level 5. HP: 46/52 MP: 4/4
  1983 | D:3      | Noticed Natasha
  1994 | D:3      | Killed Natasha
  2006 | D:3      | Noticed Azzok's ghost (amateur MiFi)
  2046 | D:3      | Killed Azzok's ghost
  2046 | D:3      | Reached skill level 8 in Fighting
  2046 | D:3      | Reached XP level 6. HP: 52/62 MP: 5/5
  2673 | D:4      | Reached skill level 9 in Fighting
  2674 | D:4      | Found a stormy altar of Qazlal.
  2773 | D:4      | Noticed a two-headed ogre
  2779 | D:4      | Killed a two-headed ogre
  2779 | D:4      | Reached XP level 7. HP: 44/71 MP: 6/6
  2907 | D:4      | Reached skill level 10 in Fighting
  3010 | D:4      | Found an iron altar of Okawaru.
  3013 | D:4      | Became a worshipper of Warmaster Okawaru
  3029 | D:4      | Found Wianweil's Weapon Boutique.
  3085 | D:5      | Entered Level 5 of the Dungeon
  3318 | D:5      | Found a stormy altar of Qazlal.
  3341 | D:5      | Found a staircase to the Ecumenical Temple.
  3598 | D:5      | Found an opulent altar of Gozag.
  3734 | D:5      | Reached skill level 11 in Fighting
  3744 | D:5      | HP: 3/74 [poisoned by a water moccasin]
  3746 | D:5      | HP: 1/74 [poisoned by a water moccasin]
  3749 | D:5      | Succumbed to a water moccasin's poison

Skill      XL: |  1  2  3  4  5  6  7 |
---------------+----------------------+-----
Fighting       | 4 5 7 8 9 11 | 11.2
Long Blades    | |  2.4
Armour         | |  3.6
Shields        | |  3.6

Action                   |  1- 3 |  4- 6 |  7- 9 || total
-------------------------+-------+-------+-------++-------
Melee: Long sword        |    92 |   123 |    45 ||   260
       Headbutt          |    13 |    30 |    12 ||    55
  Use: Potion            |       |       |     4 ||     4
  Eat: Chunk             |     2 |     4 |     3 ||     9
Armor: Scale mail        |     7 |       |       ||     7
       Chain mail        |    37 |    76 |    21 ||   134
Dodge: Dodged            |    20 |    21 |    13 ||    54
Block: Shield            |    51 |    63 |    22 ||   136
       Rpst.: Long sword |     5 |     8 |     3 ||    16
